Map: Heavy Artillery LE

Players

Cygnus

  • Race: Protoss Protoss
  • Spawn Location: 7:00

Shadowrun

  • Race: Terran Terran
  • League: Silver
  • Spawn Location: 7:00

Nyck - Winner!

  • Race: Terran Terran
  • Spawn Location: 3:00

Ekelpack - Winner!

  • Race: Zerg Zerg
  • Spawn Location: 1:00

VOD

Have the link to the VOD?

Description

Time

  • Played on: Sept. 27, 2020, 2:56 p.m.
  • Length: 17:01
Show
View Real Time Build Order
Export as new Build Order

Cygnus Protoss 

Build Orders: Carriers 

Get SALT Encoding   

  12  0:01  Probe  
  13  0:13  Probe  
  14  0:23  Pylon  
  14  0:26  Probe  
  15  0:30  Assimilator  
  15  0:41  Probe  
  16  0:50  Gateway  
  16  0:54  Probe  
  17  0:58  Assimilator  
  17  1:10  Gateway  
  17  1:13  Probe  
  18  1:25  Probe  
  19  1:37  Probe  
  19  1:38  Cybernetics Core  
  20  1:46  Pylon  
  20  1:49  Probe  
  20  1:51  Pylon  
  21  2:01  Probe  
  22  2:13  Warp Gate (Chrono Boost), Probe  
  22  2:15  Pylon  
  23  2:21  Stargate  
  23  2:31  Assimilator  
  23  2:36  Probe  
  24  2:48  Probe  
  25  2:52  Stalker  
  27  3:00  Probe  
  27  3:05  Void Ray  
  32  3:12  Probe  
  33  3:24  Probe  
  34  3:36  Probe  
  34  3:41  Nexus  
  35  3:46  Assimilator  
  35  3:48  Probe  
  36  4:01  Probe  
  37  4:23  Void Ray  
  41  4:27  Probe (Chrono Boost)  
  42  4:35  Protoss Air Weapons Level 1  
  42  4:37  Probe (Chrono Boost), Stargate  
  43  4:42  Probe (Chrono Boost)  
  44  4:53  Probe (Chrono Boost)  
  45  5:01  Probe (Chrono Boost)  
  45  5:02  Forge  
  46  5:07  Probe  
  46  5:08  Pylon  
  46  5:10  Pylon  
  47  5:15  Void Ray  
  47  5:17  Pylon  
  47  5:20  Pylon  
  52  5:21  Probe (Chrono Boost)  
  52  5:24  Probe (Chrono Boost)  
  53  5:30  Void Ray  
  53  5:31  Probe (Chrono Boost)  
  53  5:34  Probe (Chrono Boost)  
  59  5:36  Probe (Chrono Boost)  
  59  5:41  Protoss Shields Level 1  
  60  5:55  Void Ray  
  64  6:00  Probe (Chrono Boost)  
  64  6:01  Assimilator  
  65  6:10  Probe (Chrono Boost)  
  67  6:12  Probe (Chrono Boost)  
  67  6:15  Probe (Chrono Boost)  
  68  6:22  Robotics Facility  
  68  6:23  Robotics Facility  
  68  6:27  Nexus  
  68  6:32  Assimilator  
  68  6:34  Void Ray  
  64  6:51  Stalker  
  64  6:52  Stalker  
  68  6:58  Probe (Chrono Boost)  
  70  7:08  Probe (Chrono Boost)  
  70  7:13  Void Ray x2, Probe (Chrono Boost)  
  79  7:31  Pylon  
  79  7:34  Pylon  
  79  7:36  Pylon  
  79  7:38  Pylon  
  79  7:40  Pylon  
  79  7:51  Gateway  
  79  7:54  Gateway  
  79  7:58  Probe  
  80  8:01  Probe  
  81  8:09  Protoss Air Armor Level 1  
  81  8:10  Probe  
  82  8:13  Probe  
  83  8:22  Probe  
  84  8:27  Protoss Ground Armor Level 1  
  84  8:30  Stalker x2  
  86  8:40  Probe  
  87  8:48  Pylon  
  87  8:50  Pylon  
  87  8:52  Pylon, Void Ray x2, Probe  
  87  8:54  Pylon  
  97  8:59  Observer x2  
  98  9:03  Fleet Beacon  
  98  9:04  Probe  
  98  9:08  Gateway  
  99  9:11  Gateway  
  99  9:16  Probe  
  101  9:17  Pylon  
  101  9:20  Observer x2, Pylon  
  101  9:21  Assimilator  
  101  9:22  Pylon  
  102  9:27  Stalker  
  102  9:28  Stalker x2, Probe  
  106  9:49  Probe (Chrono Boost)  
  107  9:55  Carrier  
  107  9:59  Probe (Chrono Boost)  
  114  10:04  Probe (Chrono Boost)  
  117  10:07  Observer x2  
  117  10:15  Probe  
  118  10:27  Probe  
  119  10:33  Carrier  
  125  10:43  Pylon, Protoss Ground Weapons Level 1  
  125  10:46  Pylon  
  125  10:49  Twilight Council  
  125  10:52  Gateway, Protoss Air Weapons Level 2  
  125  10:56  Gateway  
  125  10:59  Gateway  
  125  11:05  Probe  
  126  11:17  Probe  
  127  11:31  Assimilator  
  127  11:38  Stalker  
  127  11:39  Stalker x3  
  127  11:59  Stalker x4  
  127  12:00  Stalker  
  115  12:18  Blink  
  110  12:32  Assimilator  
  110  12:34  Carrier x2  
  122  12:54  Protoss Shields Level 2  
  122  13:02  Flux Vanes  
  122  13:14  Templar Archives  
  122  13:26  Protoss Air Armor Level 2  
  122  13:38  Carrier x2  
  134  13:45  Robotics Bay  
  134  14:13  Nexus  
  134  14:15  Assimilator  
  134  14:18  Assimilator  
  134  14:19  Charge  
  134  14:48  Dark Shrine  
  132  15:35  Void Ray x2  
  108  16:13  Dark Templar  
  108  16:14  Dark Templar x2  
  108  16:15  Dark Templar  
Show
View Real Time Build Order
Export as new Build Order

Shadowrun Terran 

Build Orders:  

Get SALT Encoding   

  12  0:00  SCV  
  13  0:15  Supply Depot  
  13  0:19  SCV  
  14  0:31  SCV  
  15  0:38  Barracks  
  15  0:43  SCV  
  15  0:48  Refinery  
  16  0:56  SCV  
  17  0:59  Supply Depot  
  17  1:08  SCV  
  18  1:11  Refinery  
  18  1:20  SCV  
  19  1:28  Barracks Tech Lab  
  19  1:37  Orbital Command  
  19  1:51  Marine  
  20  1:55  Factory  
  20  2:08  Marine  
  21  2:26  Reaper  
  21  2:28  Command Center  
  21  2:29  SCV  
  23  2:41  Factory Tech Lab  
  23  2:42  SCV  
  24  2:52  Starport  
  24  2:58  Marine  
  28  3:12  Siege Tank  
  28  3:16  Engineering Bay  
  28  3:36  Marine  
  29  3:43  SCV, Barracks  
  28  3:54  Marine  
  27  3:58  Siege Tank  
  30  4:12  Marine  
  30  4:19  SCV  
  31  4:30  Marine  
  32  4:33  Barracks Reactor  
  31  4:41  SCV  
  32  4:48  Marine  
  32  4:51  SCV  
  34  4:53  SCV  
  34  4:58  Starport Tech Lab  
  34  4:59  Terran Infantry Weapons Level 1  
  35  5:04  Armory  
  35  5:08  Missile Turret  
  35  5:11  SCV  
  35  5:14  Marine x2, Marauder  
  38  5:18  Stimpack  
  40  5:22  Orbital Command  
  40  5:28  Refinery, Missile Turret  
  40  5:34  Supply Depot  
  40  5:35  Marine  
  41  5:36  Marauder  
  43  5:51  Missile Turret  
  43  5:52  SCV x2  
  43  5:55  Marine  
  43  5:56  Siege Tank, Marine  
  50  5:57  Marauder  
  50  6:03  Supply Depot  
  52  6:04  SCV  
  52  6:06  SCV  
  54  6:25  SCV, Medivac  
  57  6:27  Supply Depot  
  57  6:28  Supply Depot x2  
  57  6:30  Terran Vehicle Weapons Level 1  
  57  6:37  SCV  
  57  6:38  SCV  
  59  6:49  Widow Mine  
  59  6:52  Marine  
  59  6:53  Marine x2, Hi-Sec Auto Tracking  
  64  6:55  Medivac  
  66  7:03  Missile Turret  
  56  7:10  Marine  
  56  7:11  Widow Mine  
  47  7:25  SCV  
  47  7:26  SCV  
  49  7:37  SCV  
  49  7:38  Siege Tank, SCV  
  54  7:45  Missile Turret  
  54  7:46  Missile Turret  
  54  7:48  Missile Turret  
  54  7:52  Marine x3  
  55  8:10  Marine x2  
  56  8:15  Thor  
  62  8:31  Missile Turret  
  62  8:50  Terran Vehicle And Ship Armor Level 1, Terran Infantry Weapons Level 2  
  62  8:54  SCV x2  
  64  8:57  Thor  
  70  9:08  Refinery  
  70  9:09  SCV x2  
  72  9:16  Marine x3  
  75  9:21  SCV  
  76  9:25  Factory  
  76  9:33  Marine  
  76  9:34  Marine  
  78  9:50  Widow Mine  
  80  10:02  SCV x2  
  82  10:11  Widow Mine  
  82  10:14  SCV  
  85  10:29  Supply Depot  
  85  10:30  Factory Tech Lab  
  85  10:32  Supply Depot x2  
  85  10:33  Supply Depot  
  85  10:49  Engineering Bay  
  85  10:51  Marauder, Widow Mine  
  85  10:55  Missile Turret  
  89  10:57  Missile Turret  
  89  10:59  SCV x2  
  92  11:11  SCV x2  
  92  11:13  Marauder, Widow Mine  
  92  11:14  Missile Turret  
  92  11:16  Missile Turret  
  92  11:17  Sensor Tower  
  97  11:34  Marauder, Widow Mine  
  97  11:36  Missile Turret  
  101  11:50  Thor  
  107  11:55  Thor, Marauder  
  107  11:57  Viking  
  117  12:16  Starport  
  117  12:17  Starport  
  117  12:48  Siege Tank, Viking  
  117  12:49  Marauder  
  124  12:54  Viking x2  
  128  13:18  Viking  
  130  13:20  Siege Tank  
  133  13:37  Terran Infantry Armor Level 1, Terran Infantry Weapons Level 3  
  133  13:39  Terran Ship Weapons Level 1  
  133  13:49  Command Center  
  133  13:50  SCV x2  
  133  13:53  Marine  
  136  14:02  SCV  
  137  14:17  Hellion x2  
  141  15:01  Hellion x2  
  145  15:07  Starport Tech Lab  
  145  15:08  Starport Tech Lab  
  97  16:06  Marine x2, Marauder  
  84  16:23  Marine  
  84  16:24  Marine  
  85  16:28  Marauder  
  75  16:41  Marine  
Show
View Real Time Build Order
Export as new Build Order

Nyck Terran - Winner!

Build Orders:  

Get SALT Encoding   

  12  0:01  SCV  
  13  0:13  SCV  
  14  0:17  Supply Depot  
  14  0:26  SCV  
  15  0:41  Barracks  
  15  0:42  SCV  
  16  0:47  Refinery  
  16  0:54  SCV  
  17  1:07  SCV  
  18  1:16  Supply Depot  
  18  1:20  SCV  
  19  1:31  Reaper  
  20  1:34  Barracks  
  20  1:36  SCV  
  21  1:48  Orbital Command  
  21  2:00  Refinery  
  21  2:05  Reaper  
  22  2:14  SCV  
  23  2:22  Reaper  
  24  2:26  SCV  
  25  2:37  Reaper  
  25  2:38  Command Center  
  25  2:40  SCV  
  27  2:52  SCV  
  28  3:03  Barracks Tech Lab  
  28  3:04  SCV  
  29  3:13  Factory  
  29  3:16  SCV  
  30  3:26  Supply Depot  
  30  3:48  Marauder  
  31  3:50  Supply Depot  
  31  3:55  SCV  
  32  3:57  Barracks Tech Lab  
  32  4:07  SCV  
  32  4:09  Marauder  
  33  4:19  Marine  
  33  4:35  Starport  
  33  4:55  Supply Depot  
  33  4:59  SCV, Starport  
  34  5:04  Marine  
  34  5:05  Marine  
  36  5:10  Factory Reactor  
  36  5:12  Starport Reactor  
  36  5:18  Viking  
  39  5:28  SCV  
  39  5:35  Marine x2  
  41  5:40  SCV  
  42  5:48  SCV  
  43  5:52  SCV, Marine  
  43  5:53  Viking  
  43  5:54  Viking  
  49  5:58  Armory  
  49  6:02  Engineering Bay  
  49  6:03  SCV  
  50  6:04  SCV  
  51  6:15  SCV  
  51  6:18  Orbital Command  
  52  6:22  Refinery  
  52  6:24  Refinery  
  52  6:45  Starport Reactor  
  52  6:51  Viking  
  52  6:52  Viking  
  56  6:54  Terran Vehicle And Ship Armor Level 1  
  56  7:05  Starport  
  56  7:12  SCV  
  56  7:13  SCV  
  58  7:24  SCV  
  58  7:26  SCV, Marauder x2  
  58  7:28  Viking x2  
  58  7:29  Viking  
  70  7:34  Viking  
  70  7:35  Supply Depot  
  70  7:36  SCV  
  73  7:38  SCV  
  74  7:48  SCV, Starport Reactor  
  74  7:50  SCV  
  76  7:58  Armory  
  76  7:59  Supply Depot  
  76  8:02  SCV, Starport  
  77  8:14  SCV, Marauder x2  
  77  8:15  Viking x2  
  86  8:20  Viking x2  
  86  8:21  Supply Depot  
  86  8:25  Supply Depot  
  86  8:26  SCV  
  91  8:37  Command Center  
  91  8:38  SCV  
  92  8:45  Supply Depot, Liberator  
  92  8:46  Liberator  
  92  8:48  Supply Depot, Command Center  
  98  8:50  SCV  
  99  8:55  Terran Ship Weapons Level 1  
  99  8:58  Terran Vehicle And Ship Armor Level 2  
  99  9:08  Supply Depot  
  99  9:18  Liberator  
  102  9:25  Viking  
  104  9:31  Supply Depot  
  104  9:36  Refinery  
  104  9:42  Refinery  
  104  9:53  Orbital Command  
  104  9:56  Refinery  
  104  10:01  Viking x2  
  104  10:02  Viking x3  
  114  10:28  SCV  
  115  10:31  Viking  
  115  10:33  Liberator x2  
  123  10:40  SCV  
  123  10:41  Orbital Command  
  124  10:52  SCV  
  125  11:04  SCV  
  125  11:07  Refinery  
  125  11:10  Liberator x3  
  125  11:11  Liberator  
  138  11:16  SCV  
  139  11:21  Viking x2  
  143  11:28  SCV  
  144  11:37  SCV  
  145  11:40  SCV  
  146  11:49  SCV  
  147  12:00  Starport  
  147  12:01  Starport  
  147  12:02  SCV, Starport  
  147  12:04  Starport  
  147  12:07  Viking x4  
  147  12:08  Viking x2  
  158  12:14  SCV  
  161  12:26  SCV  
  161  12:28  Terran Vehicle And Ship Armor Level 3, Terran Ship Weapons Level 2  
  162  12:39  Starport Tech Lab x3  
  162  12:40  Starport Tech Lab  
  162  13:04  Fusion Core  
  162  13:06  SCV  
  163  13:36  Viking x4  
  171  13:43  Viking  
  171  13:44  Viking  
  171  13:46  Supply Depot  
  177  14:05  Battlecruiser x3  
  177  14:06  Battlecruiser  
Show
View Real Time Build Order
Export as new Build Order

Ekelpack Zerg - Winner!

Build Orders: Hatch First, Brood Lord Corruptor 

Get SALT Encoding   

  12  0:00  Drone  
  13  0:13  Overlord  
  13  0:18  Drone  
  14  0:32  Drone x2  
  16  0:37  Drone  
  17  0:54  Hatchery  
  16  0:58  Drone  
  16  1:01  Extractor  
  16  1:02  Drone  
  17  1:16  Spawning Pool  
  16  1:23  Drone  
  17  1:27  Drone  
  17  1:32  Drone  
  19  1:40  Drone  
  20  1:53  Drone  
  21  1:58  Extractor  
  20  2:04  Metabolic Boost  
  20  2:05  Queen  
  22  2:11  Overlord  
  22  2:15  Drone  
  23  2:22  Drone  
  24  2:24  Drone x2  
  26  2:33  Drone  
  26  2:36  Queen  
  29  2:38  Drone  
  29  2:39  Extractor  
  29  2:44  Drone  
  29  2:47  Drone  
  31  2:54  Drone  
  31  2:57  Drone  
  33  3:03  Overlord  
  33  3:06  Drone  
  34  3:17  Lair  
  34  3:18  Drone x2  
  36  3:20  Overlord  
  36  3:25  Zergling x6  
  39  3:33  Extractor  
  39  3:34  Drone  
  39  3:41  Zergling x2  
  39  3:44  Drone  
  41  4:02  Drone x3  
  44  4:19  Drone, Spire  
  44  4:20  Drone x3  
  47  4:27  Queen  
  47  4:28  Overlord  
  49  4:37  Hatchery  
  48  4:48  Overlord  
  48  5:18  Overlord  
  48  5:19  Overlord  
  48  5:39  Mutalisk x4  
  48  5:40  Mutalisk x6  
  48  5:41  Mutalisk x4  
  76  5:51  Overlord x2  
  76  5:53  Drone  
  76  5:54  Drone x5  
  82  6:04  Overlord x2  
  82  6:14  Extractor  
  82  6:17  Drone x5, Extractor  
  82  6:18  Drone  
  86  6:27  Mutalisk x3  
  90  6:47  Mutalisk x4  
  98  6:56  Drone x6  
  98  6:57  Drone x2  
  104  7:31  Mutalisk x4  
  104  7:32  Zergling x4, Mutalisk  
  104  7:33  Zergling x4  
  118  8:13  Zergling x8  
  118  8:14  Overlord x3  
  118  8:15  Hatchery, Overlord x6  
  119  8:38  Zerg Flyer Weapons Level 1, Hatchery  
  118  8:47  Infestation Pit, Mutalisk  
  118  8:48  Mutalisk x7  
  121  8:49  Mutalisk  
  135  9:13  Drone x6  
  135  9:14  Drone x4, Overlord x2  
  145  9:40  Drone x4  
  145  9:41  Drone x7  
  145  9:42  Drone  
  145  9:45  Drone x3  
  160  9:49  Hive  
  160  10:00  Extractor  
  160  10:03  Extractor  
  158  10:21  Corruptor x5  
  158  10:22  Corruptor x7  
  158  10:23  Corruptor x3  
  188  10:39  Zergling x4  
  188  10:40  Zergling x14  
  188  10:41  Zergling x6  
  200  11:08  Greater Spire  
  178  12:37  Brood Lord x4  
  178  12:38  Brood Lord x7  
  200  12:46  Zerg Flyer Weapons Level 2  
  200  13:03  Hatchery  
  200  13:04  Hatchery  
  198  13:12  Adrenal Glands  
  198  13:15  Ultralisk Cavern  
  198  13:19  Brood Lord x2, Evolution Chamber  
  200  13:37  Overlord x2  
  200  13:50  Zerg Melee Weapons Level 1  
  200  14:23  Overseer  
  200  14:24  Overseer x2  
  200  14:53  Chitinous Plating  
  196  15:02  Zerg Flyer Armor Level 1, Brood Lord x2  
  196  15:25  Ultralisk  
  198  15:40  Extractor  
  198  15:42  Ultralisk x2, Extractor  
  171  15:56  Corruptor x3  
  171  15:57  Corruptor x6  
  154  15:58  Corruptor  
  154  16:00  Ultralisk x2  
  154  16:01  Ultralisk x3  
  154  16:03  Corruptor x4  
  196  16:04  Corruptor  
  198  16:12  Anabolic Synthesis  
  198  16:14  Zergling x4  
  196  16:36  Zergling x4  
  196  16:37  Zergling x4  
Tags
 
Add a new tag
Caveats
  • Supply blocks, unpowered buildings, or Contaminate may cause inaccurate times.
  • Supply counts are checked every 10 seconds.